 Dungeon Crawl Stone Soup version 0.28.0-43-g3370ac3207 (webtiles) character file.

Game seed: 15723501694378264850

5251 Ablot the Magician (level 10, -4/79 HPs)
             Began as a Gnoll Warper on Mar 28, 2022.
             Was a Believer of Okawaru.
             Killed from afar by Erica (14 damage)
             ... with a lance of force
             ... on level 9 of the Dungeon.
             The game lasted 00:18:59 (11813 turns).

Ablot the Magician (Gnoll Warper)                  Turns: 11813, Time: 00:19:00

Health: -4/79      AC:  9    Str: 21    XL:     10   Next: 62%
Magic:  30/30      EV: 15    Int: 12    God:    Okawaru [**....]
Gold:   339        SH:  6    Dex: 19    Spells: 22/24 levels left

rFire   + . .      SeeInvis .   k - +9 mace of Destiny {vorpal, rC- Str+7 Dex+6}
rCold   . . .      Faith    .   N - +0 buckler
rNeg    . . .      Spirit   .   l - +1 ring mail {Will+}
rPois   +          Reflect  .   (no helmet)
rElec   +          Harm     .   s - +0 cloak
rCorr   +          Rampage  .   (no gloves)
Will    ++...                   B - +0 pair of boots
Stlth   +++.......              u - amulet of magic regeneration
HPRegen 0.23/turn               q - ring of willpower
MPRegen 0.62/turn               M - ring of magical power

@: mighty, resistant
A: fangs 1, strong nose, distributed training
a: Renounce Religion, Heroism


You were on level 9 of the Dungeon.
You worshipped Okawaru.
Okawaru was pleased with you.
You visited 2 branches of the dungeon, and saw 10 of its levels.
You also visited: Sewer.

You collected 405 gold pieces.
You spent 66 gold pieces at shops.

Inventory:

Hand Weapons
 a - a +0 trident
 k - the +9 mace of Destiny (weapon) {vorpal, rC- Str+7 Dex+6}
   (You found it on level 2 of the Dungeon)

   It inflicts extra damage upon your enemies.
   Str:       It affects your strength (+7).
   Dex:       It affects your dexterity (+6).
   rC:        It makes you vulnerable to cold.
 D - a +0 hand crossbow
Missiles
 d - 5 boomerangs of dispersal
 f - 240 stones
 j - 3 atropa-tipped darts
 m - 171 arrows
 t - a curare-tipped dart
 v - 87 bolts
 A - 53 poisoned darts (quivered)
 F - 3 boomerangs
 P - 25 sling bullets
Armour
 l - a +1 ring mail of willpower (worn)
 s - a +0 cloak (worn)
 B - a +0 pair of boots (worn)
 N - a +0 buckler (worn)
Jewellery
 q - a ring of willpower (left hand)
 u - an amulet of magic regeneration (around neck)
 M - a ring of magical power (right hand)
Wands
 r - a wand of flame (22)
 G - a wand of iceblast (9)
 K - a wand of paralysis (12)
Scrolls
 c - 3 scrolls of blinking
 g - a scroll of vulnerability {unknown}
 h - 3 scrolls of identify
 i - a scroll of teleportation {unknown}
 n - 3 scrolls of enchant weapon {unknown}
 o - 2 scrolls of magic mapping {unknown}
 w - 2 scrolls of amnesia {unknown}
 y - a scroll of holy word {unknown}
 z - 2 scrolls of fear {unknown}
 E - a scroll of fog {unknown}
 H - a scroll of enchant armour {unknown}
 O - a scroll of noise {unknown}
Potions
 b - a potion of mutation
 e - 3 potions of haste
 p - a potion of resistance
 x - 2 potions of magic
 C - a potion of cancellation
 I - a potion of flight


   Skills:
 + Level 7.2 Fighting
 + Level 5.4 Short Blades
 + Level 5.4 Long Blades
 + Level 5.4 Axes
 + Level 5.4 Maces & Flails
 + Level 7.2 Polearms
 + Level 5.4 Staves
 + Level 5.4 Slings
 + Level 5.4 Bows
 + Level 5.4 Crossbows
 + Level 6.1 Throwing
 + Level 6.1 Armour
 + Level 7.2 Dodging
 + Level 5.4 Stealth
 + Level 5.4 Shields
 + Level 5.4 Unarmed Combat
 + Level 7.5 Spellcasting
 + Level 4.5 Conjurations
 + Level 4.5 Hexes
 + Level 4.5 Summonings
 + Level 4.5 Necromancy
 + Level 7.2 Translocations
 + Level 4.5 Transmutations
 + Level 4.5 Fire Magic
 + Level 4.5 Ice Magic
 + Level 4.5 Air Magic
 + Level 4.5 Earth Magic
 + Level 4.5 Poison Magic
 + Level 6.0 Invocations
 + Level 5.4 Evocations


You had 22 spell levels left.
You knew the following spells:

 Your Spells              Type           Power      Damage    Failure   Level
a - Blink                 Tloc           42%        N/A       2%          2

Your spell library contained the following spells:

 Spells                   Type           Power      Damage    Failure   Level
 Foxfire                  Conj/Fire      60%        2x1d7     4%          1
 Magic Dart               Conj           60%        1d6       4%          1
 Gell's Gravitas          Tloc           21%        N/A       4%          3
 Lesser Beckoning         Tloc           21%        N/A       4%          3
 Teleport Other           Tloc           21%        N/A       4%          3
 Conjure Flame            Conj/Fire      15%        6-21      14%         3
 Inner Flame              Hex/Fire       15%        N/A       14%         3
 Mephitic Cloud           Conj/Pois/Air  15%        N/A       14%         3
 Passage of Golubria      Tloc           21%        N/A       16%         4
 Manifold Assault         Tloc           21%        N/A       41%         5
 Flame Wave               Conj/Fire      15%        2d6       43%         4
 Silence                  Hex/Air        7%         N/A       80%         5
 Yara's Violent Unravell  Hex/Tmut       7%         3d5       80%         5
 Call Imp                 Summ           Unusable   N/A       N/A         2
 Tukima's Dance           Hex            Unusable   N/A       N/A         3
 Summon Ice Beast         Ice/Summ       Unusable   N/A       N/A         4
 Dragon's Call            Summ           Unusable   N/A       N/A         9

Dungeon Overview and Level Annotations

Branches:
Dungeon (9/15)             Temple (1/1) D:7             Orc (0/2) D:9
  Sewer (visited)
   Lair: D:8-11

Altars:
Ashenzari
Cheibriados
Dithmenos
Elyvilon
Fedhas
Gozag
Hepliaklqana
Kikubaaqudgha
Nemelex Xobeh
Okawaru
Qazlal
Ru
Sif Muna
Trog
Uskayaw
Vehumet
Wu Jian
Xom
Yredelemnul
The Shining One

Shops:
D:3 (   D:4 *

Annotations:
D:9 Erica


Innate Abilities, Weirdness & Mutations

You have very sharp teeth.
Your uncanny sense of smell can sniff out nearby items.
Your experience applies equally to all skills.


Message History

Erica is moderately wounded.
You feel very sick.
Erica hits you with a +3 scimitar of flaming!
Erica burns you.
You hit Erica.
Erica is heavily wounded.
You feel sick. You block Erica's attack.
Erica hits you with a +3 scimitar of flaming!
* * * LOW HITPOINT WARNING * * *
Erica burns you.
* * * LOW HITPOINT WARNING * * *
You feel protected.
You feel sick.
Erica hits you with a +3 scimitar of flaming!
* * * LOW HITPOINT WARNING * * *
Erica burns you.
* * * LOW HITPOINT WARNING * * *
Unknown command.
You feel better. Erica barely misses you.
You feel much better.
Erica hits you with a +3 scimitar of flaming!
* * * LOW HITPOINT WARNING * * *
Erica burns you.
* * * LOW HITPOINT WARNING * * *
Unknown command.
Okay, then.
You feel very mighty all of a sudden. Erica hits you but does no damage.
Unknown command.
You bludgeon Erica!! You bite Erica.
Erica is almost dead.
Erica hits you with a +3 scimitar of flaming!
* * * LOW HITPOINT WARNING * * *
Erica burns you.
* * * LOW HITPOINT WARNING * * *
You barely miss Erica. You bite Erica.
Erica is almost dead.
Erica points at you and mumbles some strange words.
The lance of force hits you!
You die...

#.# #.# #.#
######.####
##.........#########
#.......##....{....#
##.###..##)#######.#
##...#.# #.#
#<@@..(# #.#
##...#.# #.# ##.##.#
#.# #.##.# #.#
.....# #.# ##+####
#.# #.# #.# ..#


You could see Erica.

Vanquished Creatures
  A two-headed ogre (D:7)
  A troll (D:6)
  Sigmund (D:3)
  A steam dragon (D:7)
  4 wargs
  A water moccasin (D:6)
  A sky beast (D:6)
  An orc warrior (D:8)
  4 ice beasts
  A necrophage (D:8)
  2 ogres (D:5)
  4 centaurs
  2 phantoms (D:5)
  Blork the orc (D:6)
  11 kobold brigands
  A bullfrog (D:7)
  2 wyvern skeletons (D:7)
  8 killer bees
  A bullfrog zombie (D:4)
  3 orc priests
  4 hounds
  A jelly (D:5)
  Crazy Yiuf (D:2)
  A centaur zombie (D:5)
  A gnoll shaman (D:6)
  2 bullfrog skeletons (D:6)
  2 iguanas
  5 orc wizards
  A killer bee zombie (D:7)
  A hound skeleton (D:4)
  7 adders
  12 gnolls
  2 river rats
  2 white imps
  An ufetubus (D:6)
  An adder skeleton (D:4)
  8 worms
  6 dart slugs
  14 orcs
  6 bats
  7 endoplasms
  5 giant cockroaches
  10 goblins
  10 hobgoblins
  3 jackals
  7 quokkas
  15 ball pythons
  24 kobolds
  7 rats
  A spectral orc (D:4)
218 creatures vanquished.

Vanquished Creatures (others)
  A fungus (D:2)
  A plant (D:2)
2 creatures vanquished.

Grand Total: 220 creatures vanquished

Notes
Turn   | Place    | Note
-------+----------+-------------------------------------------
     0 | D:1      | Ablot the Gnoll Warper began the quest for the Orb.
     0 | D:1      | Reached XP level 1. HP: 20/20 MP: 6/6
    90 | D:1      | Reached XP level 2. HP: 26/26 MP: 7/7
   103 | D:1      | Learned a level 2 spell: Blink
   834 | D:1      | Found a faded altar of an unknown god.
   879 | D:1      | Reached skill level 5 in Spellcasting
   879 | D:1      | Reached XP level 3. HP: 21/31 MP: 7/9
  1429 | D:2      | Identified the +9 mace of Destiny {vorpal, rC- Str+7 Dex+6}
  1435 | D:2      | Found a runed translucent door.
  1508 | D:2      | Reached skill level 1 in Invocations
  1512 | D:2      | Reached skill level 1 in Short Blades
  1512 | D:2      | Reached skill level 1 in Long Blades
  1512 | D:2      | Reached skill level 1 in Axes
  1512 | D:2      | Reached skill level 1 in Maces & Flails
  1512 | D:2      | Reached skill level 1 in Staves
  1512 | D:2      | Reached skill level 1 in Slings
  1512 | D:2      | Reached skill level 1 in Bows
  1512 | D:2      | Reached skill level 1 in Crossbows
  1512 | D:2      | Reached skill level 1 in Stealth
  1512 | D:2      | Reached skill level 1 in Shields
  1512 | D:2      | Reached skill level 1 in Unarmed Combat
  1512 | D:2      | Reached skill level 1 in Evocations
  1514 | D:2      | Reached XP level 4. HP: 28/38 MP: 11/11
  1734 | D:2      | Found a sacrificial altar of Ru.
  1764 | D:2      | Reached skill level 1 in Conjurations
  1764 | D:2      | Reached skill level 1 in Hexes
  1764 | D:2      | Reached skill level 1 in Summonings
  1764 | D:2      | Reached skill level 1 in Necromancy
  1764 | D:2      | Reached skill level 1 in Transmutations
  1764 | D:2      | Reached skill level 1 in Fire Magic
  1764 | D:2      | Reached skill level 1 in Ice Magic
  1764 | D:2      | Reached skill level 1 in Air Magic
  1764 | D:2      | Reached skill level 1 in Earth Magic
  1764 | D:2      | Reached skill level 1 in Poison Magic
  2395 | D:3      | Got the Papyrus of the Neverending Gods
  2528 | D:3      | Reached XP level 5. HP: 43/43 MP: 12/12
  2563 | D:3      | Found Veizieb's Weapon Boutique.
  2608 | D:3      | Noticed Sigmund
  2620 | D:3      | Killed Sigmund
  2621 | D:3      | Reached XP level 6. HP: 13/50 MP: 11/14
  3319 | D:2      | Noticed Crazy Yiuf
  3326 | D:2      | Killed Crazy Yiuf
  3327 | D:2      | Reached skill level 5 in Fighting
  3327 | D:2      | Reached skill level 5 in Polearms
  3327 | D:2      | Reached skill level 5 in Dodging
  3726 | D:4      | Reached XP level 7. HP: 56/56 MP: 15/15
  3924 | D:4      | Found a basalt altar of Yredelemnul.
  4099 | D:4      | Found Cutuug's Assorted Antiques.
  4105 | D:4      | Bought a scroll labelled PIUPOTOO YTUE for 24 gold pieces
  4105 | D:4      | Bought a fuming emerald potion for 21 gold pieces
  4105 | D:4      | Bought a metallic puce potion for 21 gold pieces
  4337 | D:5      | Entered Level 5 of the Dungeon
  4381 | D:5      | Found a glowing drain.
  4499 | Sewer    | Entered a sewer
  5116 | Sewer    | Reached XP level 8. HP: 8/63 MP: 16/16
  6299 | D:5      | Reached XP level 9. HP: 65/69 MP: 18/18
  6368 | D:5      | Found a stormy altar of Qazlal.
  6558 | D:5      | Found a broken altar of Ashenzari.
  6558 | D:5      | Found a sacrificial altar of Ru.
  6558 | D:5      | Found a white marble altar of Elyvilon.
  6861 | D:6      | Noticed Blork the orc
  6869 | D:6      | Killed Blork the orc
  7037 | D:6      | Reached skill level 5 in Throwing
  7037 | D:6      | Reached skill level 5 in Armour
  7202 | D:6      | Noticed a troll
  7211 | D:6      | Killed a troll
  7602 | D:6      | Reached skill level 5 in Invocations
  7681 | D:7      | Found a staircase to the Ecumenical Temple.
  7690 | Temple   | Entered the Ecumenical Temple
  7918 | Temple   | Became a worshipper of Warmaster Okawaru
  8593 | D:7      | Reached XP level 10. HP: 56/77 MP: 20/20
  9022 | D:8      | Found a radiant altar of Vehumet.
  9022 | D:8      | Noticed a two-headed ogre
  9151 | D:8      | Reached * piety under Okawaru
  9191 | D:7      | Killed a two-headed ogre
  9192 | D:7      | Reached skill level 5 in Short Blades
  9192 | D:7      | Reached skill level 5 in Long Blades
  9192 | D:7      | Reached skill level 5 in Axes
  9192 | D:7      | Reached skill level 5 in Maces & Flails
  9192 | D:7      | Reached skill level 5 in Staves
  9192 | D:7      | Reached skill level 5 in Slings
  9192 | D:7      | Reached skill level 5 in Bows
  9192 | D:7      | Reached skill level 5 in Crossbows
  9192 | D:7      | Reached skill level 5 in Stealth
  9192 | D:7      | Reached skill level 5 in Shields
  9192 | D:7      | Reached skill level 5 in Unarmed Combat
  9192 | D:7      | Reached skill level 5 in Evocations
 10431 | D:8      | Found a bloodstained altar of Trog.
 10780 | D:9      | Found a staircase to the Orcish Mines.
 10792 | D:8      | Reached ** piety under Okawaru
 11396 | D:9      | Noticed Erica
 11808 | D:9      | HP: 3/79 [Erica/+3 scimitar of flaming (9)]
 11813 | D:9      | Killed from afar by Erica

Illustrated notes

Levels and vault maps discovered:
D:1:      dpeg_arrival_rhombus, layout_basic,
          shapermc_ecumenical_altar_totnotflames
D:2:      layout_basic, basic_altar, serial_forest,
          infiniplex_forest_lined_room_2, infiniplex_forest_lined_2,
          infiniplex_forest_fountain, infiniplex_forest_clump_diagonal,
          infiniplex_forest_lined_corner, infiniplex_forest_clump_small,
          infiniplex_forest_end_3, uniq_crazy_yiuf_cottage
D:3:      layout_basic, serial_shops, shop, uniq_sigmund
D:4:      layout_rooms, yredelemnul_forgotten_temple_becter, serial_shops,
          nicolae_shop_advertising_works [nicolae_subvault_shop_adworks],
          kennysheep_generic_room_8
D:5:      minmay_razor_zed, layout_rooms, minitemple, portal_sewer_entry_c
D:6:      layout_rooms, uniq_blork_the_orc
D:7:      layout_cave_pools, minmay_temple_entry_nine_rooms
D:8:      layout_basic, lemuel_tele_altar, lemuel_coloured_pillars_altar,
          nicolae_two_hexagons
D:9:      layout_loops_corners, minmay_orc_entry_guard_dogs,
          chequers_serial_rivers_large_b, uniq_erica, uniq_grum,
          uniq_prince_ribbit1
Temple:   nicolae_temple_figure_eight

Skill      XL: |  1  2  3  4  5  6  7  8  9 10 |
---------------+-------------------------------+-----
Spellcasting   | 5 6 7 |  7.5
Invocations    | 1 2 3 4 5 6 |  6.0
Short Blades   | 1 2 3 4 5 |  5.4
Long Blades    | 1 2 3 4 5 |  5.4
Axes           | 1 2 3 4 5 |  5.4
Maces & Flails | 1 2 3 4 5 |  5.4
Staves         | 1 2 3 4 5 |  5.4
Slings         | 1 2 3 4 5 |  5.4
Bows           | 1 2 3 4 5 |  5.4
Crossbows      | 1 2 3 4 5 |  5.4
Stealth        | 1 2 3 4 5 |  5.4
Shields        | 1 2 3 4 5 |  5.4
Unarmed Combat | 1 2 3 4 5 |  5.4
Evocations     | 1 2 3 4 5 |  5.4
Conjurations   | 1 2 3 4 |  4.5
Hexes          | 1 2 3 4 |  4.5
Summonings     | 1 2 3 4 |  4.5
Necromancy     | 1 2 3 4 |  4.5
Transmutations | 1 2 3 4 |  4.5
Fire Magic     | 1 2 3 4 |  4.5
Ice Magic      | 1 2 3 4 |  4.5
Air Magic      | 1 2 3 4 |  4.5
Earth Magic    | 1 2 3 4 |  4.5
Poison Magic   | 1 2 3 4 |  4.5
Throwing       | 3 4 5 6 |  6.1
Armour         | 3 4 5 6 |  6.1
Fighting       | 5 6 7 |  7.2
Polearms       | 5 6 7 |  7.2
Dodging        | 5 6 7 |  7.2
Translocations | 6 7 |  7.2

Action                   |  1- 3 |  4- 6 |  7- 9 | 10-12 || total
-------------------------+-------+-------+-------+-------++-------
Melee: Spear             |   106 |       |       |       ||   106
       Bite              |     7 |     2 |    22 |    11 ||    42
       Punch             |     4 |     1 |     4 |       ||     9
       Mace              |    10 |    87 |   265 |   111 ||   473
 Fire: Hand crossbow     |       |       |    42 |       ||    42
Throw: Stone             |     3 |       |    37 |       ||    40
       Dart              |       |       |     3 |    15 ||    18
 Cast: Blink             |       |     1 |       |       ||     1
  Use: Potion            |       |     2 |     1 |     4 ||     7
       Scroll            |       |       |     7 |     1 ||     8
 Stab: Sleeping          |     1 |     2 |     5 |     1 ||     9
Armor: Leather armour    |    28 |       |       |       ||    28
       Ring mail         |     2 |    21 |   117 |    46 ||   186
Dodge: Dodged            |    53 |    67 |   237 |   107 ||   464
Block: Buckler           |       |       |       |    39 ||    39
